AoeStats
← Legend

Arabia

510764725Analyzed
2v2 RM · 9h ago on Oct 2, 2026· 32m 9s· 4 players
Game mode
Random Map
Map size
Medium (4 player)
Population
200
Speed
Normal
Resources
Standard
Victory
Conquest
Starting age
Dark Age
Ending age
Imperial Age
RankedLock teamsTeams togetherTeam positionsShared explorationLock speedFull tech treeHidden civsTurbo modeCheats
Victory
Defeat
🇨🇳 Chinese · China
722
+14
🇪🇬 Turks · Egypt
700
+14
🇫🇷 Britons · France
688
-15
🇪🇸 Mongols · Spain
650
-13
x311219
7:47 Loom
10:19 Feudal Age
10:51 Double-Bit Axe
12:49 Horse Collar
19:29 Castle Age
19:20 Fletching
19:31 Padded Archer Armor
19:38 Gold Mining
19:38 Stone Mining
20:47 Pikeman
21:49 Fervor
23:17 Bow Saw
23:20 Bodkin Arrow
25:26 Leather Archer Armor
27:37 Wheelbarrow
29:40 Ballistics
33:06 Imperial Age
31:04 Heavy Plow
30:56 Town Watch
VerrücktMan
13:00 Feudal Age
13:27 Double-Bit Axe
19:09 Wheelbarrow
22:40 Castle Age
23:51 Squires
23:13 Pikeman
Legend
2:29 Loom
13:59 Feudal Age
17:06 Double-Bit Axe
21:08 Castle Age
21:03 Gold Mining
26:42 Imperial Age
26:24 Gold Shaft Mining
27:16 Bow Saw
27:45 Horse Collar
31:33 Wheelbarrow
31:14 Fletching
31:54 Town Watch
zgjxdanny
0:28 Loom
11:42 Feudal Age
12:18 Double-Bit Axe
21:46 Castle Age
22:29 Crossbowman
26:11 Bow Saw
25:53 Gold Mining
25:57 Fletching
26:13 Scale Barding Armor
26:09 Padded Archer Armor
28:27 Stone Mining
28:46 Squires
30:32 Wheelbarrow
Connection lost

Rejoining the realm…

Still unreachable

The connection could not be restored.

Session expired

The server has moved on; the page needs a fresh start.